 Dungeon Crawl Stone Soup version 0.27-a0-1302-g7736ffe575 (webtiles) character file.

Game seed: 2312106412799046230

4770 Delamore the Spear-Bearer (level 10, -4/74 HPs)
             Began as a Formicid Fighter on June 18, 2021.
             Was an Initiate of Gozag.
             Slain by a two-headed ogre (21 damage)
             ... on level 9 of the Dungeon.
             The game lasted 00:07:49 (8037 turns).

Delamore the Spear-Bearer (Formicid Fighter)        Turns: 8037, Time: 00:07:49

Health: -4/74      AC: 11    Str: 30    XL:     10   Next: 75%
Magic:  10/10      EV:  9    Int: 12    God:    Gozag
Gold:   1177       SH: 12    Dex: 10    Spells: 9/9 levels left

rFire    . . .     SeeInvis +   u - +3 halberd (vamp)
rCold    . . .     Faith    .   c - +1 kite shield
rNeg     . . .     Spirit   .   z - +2 scale mail of Filth {rPois Str+7 Int-3}
rPois    +         Reflect  .   (helmet unavailable)
rElec    .         Harm     .   (no cloak)
rCorr    .         Rampage  .   n - +1 pair of gloves
Will     +....                  (no boots)
Stlth    ..........             (no amulet)
HPRegen  0.22/turn              o - +6 ring of intelligence
MPRegen  0.12/turn              (no ring)

@: gold aura
A: permanent stasis, dig shafts and tunnels, antennae 3, four strong arms
a: Dig, Shaft Self, Renounce Religion, Potion Petition, Call Merchant, Bribe
Branch


You were on level 9 of the Dungeon.
You worshipped Gozag.
Gozag was most pleased with you.
You visited 2 branches of the dungeon, and saw 10 of its levels.

You collected 1303 gold pieces.
You spent 80 gold pieces at shops.
You paid 46 gold pieces to Gozag.

Inventory:

Hand Weapons
 a - a +0 spectral trident
 r - a +2 trident of venom
 u - a +3 vampiric halberd (weapon)
 y - the +12 glaive of Prune {vorpal}
   (You acquired it on level 7 of the Dungeon)

   It inflicts extra damage upon your enemies.
Missiles
 i - 70 poisoned darts
 l - 15 boomerangs
 s - a throwing net
Armour
 c - a +1 kite shield (worn)
 n - a +1 pair of gloves (worn)
 z - the +2 scale mail of Filth (worn) {rPois Str+7 Int-3}
   (You found it on level 7 of the Dungeon)

   It affects your strength (+7).
   It affects your intelligence (-3).
   It protects you from poison.
Jewellery
 o - a +6 ring of intelligence (left hand)
 p - a ring of wizardry
Wands
 j - a wand of paralysis (9)
 x - a wand of flame (29)
Scrolls
 k - a scroll of enchant armour
 m - a scroll of magic mapping
 q - 5 scrolls of teleportation
 t - 3 scrolls of fear
 A - a scroll of identify
Potions
 b - a potion of ambrosia {unknown}
 d - a potion of might
 e - 3 potions of curing
 f - 4 potions of flight
 g - a potion of magic {unknown}
 h - 2 potions of attraction {unknown}
 v - 2 potions of degeneration {unknown}
 w - 2 potions of haste
 B - 2 potions of lignification {unknown}
 C - a potion of mutation


   Skills:
 - Level 5.0 Fighting
 * Level 13.4 Polearms
 - Level 3.2 Armour
 - Level 7.0 Shields


You had 9 spell levels left.
You didn't know any spells.
Your spell library contained the following spells:

 Spells                   Type           Power      Damage    Failure   Level
 Shock                    Conj/Air       0%         1d3       71%         1
 Static Discharge         Conj/Air       0%         N/A       85%         2
 Confusing Touch          Hex            0%         N/A       97%         3
 Gell's Gravitas          Tloc           0%         N/A       97%         3
 Airstrike                Air            0%         N/A       100%        4
 Petrify                  Tmut/Erth      0%         N/A       100%        4
 Lightning Bolt           Conj/Air       0%         1d11      100%        5
 Metabolic Englaciation   Hex/Ice        0%         N/A       100%        5
 Yara's Violent Unravell  Hex/Tmut       0%         3d3       100%        5
 Swiftness                Air            Unusable   N/A       N/A         3

Dungeon Overview and Level Annotations

Branches:
Dungeon (9/15)             Temple (1/1) D:4
   Lair: D:8-11         Orc: D:9-12

Altars:
Ashenzari
Cheibriados
Dithmenos
Elyvilon
Fedhas
Gozag
Hepliaklqana
Kikubaaqudgha
Makhleb
Nemelex Xobeh
Okawaru
Qazlal
Ru
Sif Muna
Trog
Uskayaw
Vehumet
Wu Jian
Xom
Yredelemnul

Shops:
D:5 *   D:8 *


Innate Abilities, Weirdness & Mutations

You cannot be hasted, slowed, berserked, paralysed or teleported.
You can dig through walls and to a lower floor.
You have a pair of large antennae on your head. (SInv)
Your four strong arms can wield two-handed weapons with a shield.


Message History

The two-headed ogre hits you with a +0 giant club!!
You are too injured to fight recklessly!
There are monsters nearby!
You are too injured to fight recklessly!
The yak gores you.
You hit the yak.
The yak is lightly wounded.
The yak gores you but does no damage.
You slice the yak!!
You feel better.
The yak is heavily wounded.
The yak gores you!
Your shield and scale mail of Filth prevent you from hitting the yak.
The yak is heavily wounded.
You block the yak's attack.
You slash the yak!
The yak is severely wounded.
You block the yak's attack.
You barely miss the yak.
The yak is severely wounded.
The yak gores you.
* * * LOW HITPOINT WARNING * * *
You slice the yak!!
You kill the yak!
You slash the two-headed ogre!
The two-headed ogre is severely wounded.
The two-headed ogre hits you with a +0 dire flail.
* * * LOW HITPOINT WARNING * * *
You block the two-headed ogre's attack.
Okay, then.
You completely miss the two-headed ogre.
The two-headed ogre is severely wounded.
The two-headed ogre is distracted by your dazzling golden aura.
The two-headed ogre shouts in stereo!
You hit the two-headed ogre but do no damage.
The two-headed ogre is no longer distracted by gold.
The two-headed ogre is severely wounded.
You hear a shout!
The two-headed ogre hits you with a +0 dire flail!!
You die...
Your body crumbles into a pile of gold.

...# #..#.#..'.#('.#..#
...# #.#...#.#.###.#(.#
...# #.##..#.#P...P#..#
...### ##.#.#.#.#######..#
.......
...#####..........#
....##.###.. #.##..#.##..#
##.....[..#.
#....#.#..#..#
#..###.##.#.#####..####..#
........#)#..#@..##.#...#
#.####..#?##O##.###.#..#
####....#..#..........#
#........###.###'###..#
#..##$####..[#P...P#..# .
#.# ##..#.###.#..# #.#
##.#.#|#.#..# ...
..#.#+#.#..# .#.
#.#P...P#..#


You could see a two-headed ogre.

Vanquished Creatures
  A cyclops (D:9)
  An ugly thing (D:9)
  A slime creature (D:9)
  A yak (D:9)
  A steam dragon (D:7)
  An acid dragon (D:9)
  2 water moccasins
  2 ice beasts (D:6)
  2 sky beasts
  A black bear (D:6)
  3 centaurs
  4 ogres (D:5)
  A phantom (D:4)
  A wyvern zombie (D:8)
  2 bullfrogs (D:7)
  A scorpion (D:6)
  9 wights
  9 killer bees (D:7)
  2 howler monkeys
  2 centaur zombies
  A centaur skeleton (D:6)
  4 hounds
  4 orc priests
  A gnoll shaman (D:8)
  4 iguanas
  7 orc wizards
  A killer bee zombie (D:4)
  2 hound skeletons (D:5)
  A howler monkey zombie (D:6)
  5 adders
  10 gnolls
  2 white imps
  2 ufetubi (D:5)
  3 worms
  2 dart slugs
  27 orcs
  4 ball pythons
  6 endoplasms
  3 giant cockroaches
  10 goblins
  6 hobgoblins
  8 jackals
  7 kobolds
  5 quokkas
  5 bats
  2 frilled lizards
  28 rats
207 creatures vanquished.

Vanquished Creatures (others)
  6 plants
6 creatures vanquished.

Grand Total: 213 creatures vanquished

Notes
Turn   | Place    | Note
-------+----------+-------------------------------------------
     0 | D:1      | Delamore the Formicid Fighter began the quest for the Orb.
     0 | D:1      | Reached XP level 1. HP: 18/18 MP: 1/1
   390 | D:1      | Reached XP level 2. HP: 23/24 MP: 2/2
  1041 | D:2      | Reached XP level 3. HP: 30/30 MP: 3/3
  1054 | D:2      | Reached skill level 3 in Polearms
  1332 | D:2      | Found a faded altar of an unknown god.
  1703 | D:2      | Reached XP level 4. HP: 37/37 MP: 4/4
  2003 | D:3      | Reached skill level 4 in Polearms
  2051 | D:3      | Reached XP level 5. HP: 42/42 MP: 5/5
  2286 | D:3      | Found a snail-covered altar of Cheibriados.
  2829 | D:3      | Found a shadowy altar of Dithmenos.
  2995 | D:3      | Reached XP level 6. HP: 45/49 MP: 6/6
  3228 | D:4      | Reached skill level 5 in Polearms
  3287 | D:4      | Found a staircase to the Ecumenical Temple.
  3313 | Temple   | Entered the Ecumenical Temple
  3332 | Temple   | Became a worshipper of Gozag Ym Sagoz the Greedy
  3399 | D:4      | Reached skill level 5 in Fighting
  3449 | D:4      | Reached skill level 6 in Polearms
  3449 | D:4      | Reached XP level 7. HP: 52/56 MP: 7/7
  3712 | D:4      | Found a radiant altar of Vehumet.
  3713 | D:4      | Found a white marble altar of Elyvilon.
  3827 | D:4      | Found a stormy altar of Qazlal.
  4085 | D:5      | Entered Level 5 of the Dungeon
  4102 | D:5      | Identified a scroll of acquirement
  4102 | D:5      | Acquired a +3 vampiric halberd
  4143 | D:5      | Reached skill level 7 in Polearms
  4299 | D:5      | Found an iron altar of Okawaru.
  4477 | D:5      | Reached skill level 8 in Polearms
  4477 | D:5      | Reached XP level 8. HP: 51/62 MP: 8/8
  4628 | D:5      | Found Aniytuol's Mayhem Merchandise.
  4998 | D:6      | Reached skill level 9 in Polearms
  5148 | D:6      | Reached XP level 9. HP: 15/68 MP: 9/9
  5427 | D:6      | Reached skill level 5 in Shields
  5431 | D:6      | Reached skill level 10 in Polearms
  5970 | D:7      | Identified the +2 scale mail of Filth {rPois Str+7 Int-3}
  6304 | D:7      | Acquired the +12 glaive of Prune {vorpal}
  6305 | D:7      | Found the +12 glaive of Prune {vorpal}
  6334 | D:7      | Found a large runed translucent door.
  6335 | D:7      | Found a large runed translucent door.
  6379 | D:7      | Reached skill level 11 in Polearms
  6602 | D:7      | Reached XP level 10. HP: 74/74 MP: 10/10
  7144 | D:7      | Found a broken altar of Ashenzari.
  7154 | D:7      | Found an ancient bone altar of Kikubaaqudgha.
  7294 | D:8      | Reached skill level 12 in Polearms
  7351 | D:8      | Found Keiruzog's General Store.
  7359 | D:8      | Bought a potion of mutation for 80 gold pieces
  7756 | D:8      | Found a bloodstained altar of Trog.
  7880 | D:9      | Noticed a purple ugly thing
  7881 | D:9      | Noticed a cyclops
  7887 | D:9      | Killed a cyclops
  7896 | D:9      | Killed a purple ugly thing
  7897 | D:9      | Reached skill level 13 in Polearms
  8014 | D:9      | Noticed a two-headed ogre
  8037 | D:9      | Slain by a two-headed ogre

Illustrated notes

Levels and vault maps discovered:
D:1:      wheals_arrival_shading, layout_basic, minmay_octomino_j4
D:2:      layout_loops_cross, ebering_ecumenical_altar_box, minmay_rat_hole
D:3:      layout_basic, grunt_dithmenos_smoke_and_mirrors, lemuel_doored_altar,
          minmay_misc_feat_rugged, grunt_ministairs_6, serial_bayou_pond_a,
          ebering_dispersal_statue_hall, chequers_serial_rivers_room_b
D:4:      layout_basic, nicolae_overflow_hidden_temple, lemuel_tele_altar,
          minmay_temple_entry_arrows
D:5:      layout_loops_cross, overflow_temple_1_default, minmay_misc_feat_x,
          minmay_shop_mayhem, minmay_misc_feat_more_columns,
          minmay_misc_feat_cross
D:6:      layout_basic
D:7:      layout_basic, jmf_multi_god_temple2
D:8:      layout_rooms, amcnicky_altar_gilded, serial_shops, shop_fountains,
          chequers_serial_rivers_marsh
D:9:      layout_roguey, zin_scriptorium, minmay_shattered_shrine
Temple:   minmay_freezing_vapour_temple

Skill      XL: |  1  2  3  4  5  6  7  8  9 10 |
---------------+-------------------------------+-----
Polearms       | 3 4 6 8 9 11 13 | 13.4
Fighting       | 4 5 |  5.0
Shields        | 4 7 |  7.0
Armour         | |  3.2

Action                   |  1- 3 |  4- 6 |  7- 9 | 10-12 || total
-------------------------+-------+-------+-------+-------++-------
Melee: Trident           |   133 |   184 |    22 |       ||   339
       Halberd           |       |       |   188 |   139 ||   327
 Abil: Dig               |       |       |     2 |     1 ||     3
  Use: Scroll            |     4 |     7 |     3 |     1 ||    15
 Stab: Distracted        |       |       |     1 |       ||     1
Armor: Scale mail        |    40 |    42 |    59 |    26 ||   167
Dodge: Dodged            |    26 |    38 |    50 |    28 ||   142
Block: Kite shield       |    65 |    70 |   119 |    59 ||   313

Table legend: (Time is in decaauts)
 A = Elapsed time spent in this place.
 B = Non-inter-level travel time spent in this place.
 C = Inter-level travel time spent in this place.
 D = Time resting spent in this place.
 E = Time spent auto-exploring this place.
 F = Levels seen in this place.
 G = Mean time per level.
                   A        B        C        D        E       F      G
               +--------+--------+--------+--------+--------+-----+--------+
         Total |   8160 |   7922 |    238 |    511 |   5991 |  10 |  816.0 |
       Dungeon |   8135 |   7897 |    238 |    511 |   5981 |   9 |  903.9 |
        Temple |     24 |     24 |      0 |      0 |     10 |   1 |   24.0 |
               +--------+--------+--------+--------+--------+-----+--------+

Top non-repeatable levels by time:
     D:7: 1312 daAuts
     D:3: 1269 daAuts
     D:2: 1067 daAuts
     D:6: 1064 daAuts
     D:1: 964 daAuts
     D:4: 860 daAuts
     D:5: 796 daAuts
     D:8: 600 daAuts
     D:9: 200 daAuts
  Temple: 24 daAuts
